[Event "Titled Tuesday Blitz December 20 Early 2022"]
[White "Abd El Fatah, Reda Fadel"]
[Black "Balasch Peries, Eduard"]
[WhiteFideId "10600752"]
[BlackFideId "32067372"]
[WhiteElo "2134"]
[BlackElo "1671"]
[Result "0-1"]
[Round "11"]
[TimeControl "180+2"]
[Date "2022.12.20"]
[WhiteClock "0:00:41"]
[BlackClock "0:00:18"]

1. e4 e5 2. d4 exd4 3. c3 d5 4. exd5 Qxd5 5. cxd4 Nc6 6. Nf3 Bg4 7. Be2 Bb4+ 8. Nc3 Bxf3 9. Bxf3 Qc4 10. Bxc6+ bxc6 11. Qe2+ Qxe2+ 12. Kxe2 Nf6 13. Kd3 O-O-O 14. Kc4 Ba5 15. Bg5 Rd6 16. Bf4 Rd7 17. Be5 Ng4 18. Bg3 Bb6 19. Rad1 Rhd8 20. Ne2 f6 21. h3 Nh6 22. f3 Nf5 23. Bf2 Ne7 24. Rd3 c5 25. Rhd1 Nc6 26. R3d2 cxd4 27. Nxd4 Ne5+ 28. Kc3 Rd5 29. b4 a5 30. a3 c5 31. bxc5 Bxc5 32. Bg3 Bxa3 33. Kb3 Bc5 34. Rc2 Kb7 35. Ne6 Rxd1 36. Nxd8+ Rxd8 37. Rxc5 Kb6 38. Bf2 Ka6 39. Ka4 Rd2 40. Rxa5+ Kb7 41. Be3 Rxg2 42. Ra7+ Kc6 43. Re7 Nxf3 44. Kb4 Kd5 45. Kc3 Ne5 46. h4 Rg3 47. Kd2 Nc4+ 48. Ke2 Rxe3+ 49. Rxe3 Nxe3 50. Kxe3 Ke5 51. Kf3 Kf5 52. Kg3 h5 53. Kf3 g5 54. Kg3 g4 55. Kg2 Kf4 56. Kf2 g3+ 57. Kg2 Kg4 58. Kf1 Kxh4 59. Kg2 Kg4 60. Kg1 h4 61. Kh1 f5 62. Kg1 f4 63. Kg2 f3+ 64. Kg1 h3 65. Kf1 h2 66. Ke1 h1=Q+ 67. Kd2 Qf1 68. Kc3 Qe2 69. Kd4 f2 70. Kd5 f1=Q 71. Kd6 Qfd1+ 72. Kc5 Qec2+ 73. Kb4 Qdb1+ 74. Ka3 Qca2# 0-1


[Site "https://www.chess.com"]

[Event "Titled Tuesday Blitz December 20 Early 2022"]
[White "Aishath, Aika"]
[Black "Vesper, Horst"]
[WhiteFideId "16702026"]
[BlackFideId "24677159"]
[WhiteElo "2770"]
[BlackElo "2028"]
[Result "1-0"]
[Round "11"]
[TimeControl "180+2"]
[Date "2022.12.20"]
[WhiteClock "0:00:07"]
[BlackClock "0:00:02"]

1. d4 Nf6 2. c4 g6 3. Nf3 Bg7 4. g3 O-O 5. Bg2 d6 6. O-O Nc6 7. Nc3 e5 8. d5 Ne7 9. e4 h6 10. Ne1 Nd7 11. Nd3 f5 12. f4 exf4 13. Nxf4 Ne5 14. Qe2 c5 15. Ne6 Bxe6 16. dxe6 N7c6 17. Be3 Qe7 18. exf5 gxf5 19. Nd5 Qd8 20. Kh1 Rc8 21. Qc2 Ne7 22. Nxe7+ Qxe7 23. Rxf5 Rxf5 24. Qxf5 Nxc4 25. Bxh6 Bxh6 26. Qg4+ Bg7 27. Qxc4 Rf8 28. h4 b6 29. Qg4 Rf2 30. Rf1 Rxf1+ 31. Bxf1 d5 32. b3 d4 33. Bd3 Qf6 34. Kg2 Kf8 35. Qe4 Ke7 36. Bc4 d3 37. Qb7+ Kf8 38. Qc8+ Ke7 39. Qd7+ Kf8 40. Qd6+ Qe7 41. Qxd3 Bd4 42. Qf5+ Kg7 43. Qg4+ Kh6 44. Kh3 Qf6 45. Qf4+ Qxf4 46. gxf4 Bf6 47. Kg4 Kg7 48. h5 Be7 49. f5 Kh6 50. Be2 Bf6 51. a4 Kg7 52. Kf4 Kf8 53. Ke4 Bg7 54. Kd5 Ke7 55. Kc6 Bd4 56. Kb7 a5 57. h6 Kf6 58. Bc4 Kxf5 59. e7 1-0


[Site "https://www.chess.com"]

[Event "Titled Tuesday Blitz December 20 Early 2022"]
[White "Al-Kailani, Zaid"]
[Black "Jacomet Rodriguez, Josep-M."]
[WhiteFideId "8100187"]
[BlackFideId "54509815"]
[WhiteElo "2053"]
[BlackElo "3034"]
[Result "0-1"]
[Round "11"]
[TimeControl "180+2"]
[Date "2022.12.20"]
[WhiteClock "0:00:04"]
[BlackClock "0:00:16"]

1. e4 e5 2. Nf3 Nc6 3. Bc4 Bc5 4. c3 Nf6 5. d4 exd4 6. e5 d5 7. Bb5 Ne4 8. cxd4 Bb6 9. Nc3 O-O 10. Be3 f5 11. exf6 Nxf6 12. Bxc6 bxc6 13. Ne5 Ba6 14. Qa4 Qc8 15. Qxc6 Rd8 16. O-O-O Rd6 17. Qa4 c5 18. dxc5 Bxc5 19. Bxc5 Qxc5 20. Qd4 Qa5 21. Kb1 Rb8 22. Ka1 Rb4 23. Qxa7 Rb7 24. Qa8+ Rd8 25. Nc6 Qxa2+ 26. Kxa2 Rxa8 27. Kb1 Ne4 28. Nxe4 dxe4 29. Ne5 Re7 30. Rd5 Rae8 31. Nc6 Rf7 32. Nb4 Bb7 33. Rd2 e3 34. fxe3 Be4+ 35. Ka2 Rb7 36. Kb3 Bg6 37. Rd4 Rxe3+ 38. Kc4 Re8 39. Rhd1 Rc8+ 40. Kd5 h6 41. Ke5 Re7+ 42. Kf4 Rf8+ 43. Kg4 Bf5+ 44. Kg3 Re3+ 45. Kf2 Rb3 46. R1d2 Bg6+ 47. Kg1 Re3 48. h3 Kh7 49. Nd5 Re1+ 50. Kh2 Rff1 51. Kg3 Bf7 52. Rf4 Be6 53. Rxf1 Rxf1 54. Nf4 Bf7 55. Rd7 Kg8 56. Rd8+ Kh7 57. Rd7 Bb3 58. Nh5 Kg6 59. Nxg7 Bf7 60. Rxf7 Kxf7 61. Nh5 Rb1 62. Nf4 Rxb2 63. Kg4 Rb5 64. g3 Kf6 65. h4 Rb4 66. Kh5 Rb8 67. Nd5+ Ke6 68. Nf4+ Kf6 69. Nd5+ Kg7 70. Nf4 Rb3 71. Kg4 Ra3 72. Nh5+ Kf7 73. Nf4 Kf6 74. Nh5+ Ke5 75. Nf4 Ke4 76. Nh5 Ra8 77. Nf4 Rg8+ 78. Kh5 Rxg3 79. Ng6 Kf5 80. Ne7+ Kf6 81. Nd5+ Kg7 82. Ne7 Kh7 83. Nf5 Rg6 84. Ne3 Rf6 85. Kg4 Re6 86. Nf5 Ra6 87. Kh5 Ra5 88. Kg4 Kg6 89. h5+ Kh7 90. Ng3 Ra4+ 91. Kf5 Ra3 92. Kg4 Ra1 93. Ne4 Kg7 94. Ng3 Kf6 95. Ne4+ Ke5 96. Ng3 Rb1 97. Kf3 Rb4 98. Nf1 Kf5 99. Ne3+ Kg5 100. Nd5 Ra4 101. Kg3 Kxh5 102. Nf4+ Kg5 103. Nh3+ Kf5 104. Nf2 Ra3+ 105. Kh4 Rb3 106. Kh5 Rf3 0-1


[Site "https://www.chess.com"]

[Event "Titled Tuesday Blitz December 20 Early 2022"]
[White "Alexander_Donchenko"]
[Black "Arnaldofdelavaramulet"]
[WhiteElo "2812"]
[BlackElo "2648"]
[Result "1-0"]
[Round "11"]
[TimeControl "180+2"]
[Date "2022.12.20"]
[WhiteClock "0:00:55"]
[BlackClock "0:00:02"]

1. Nf3 c5 2. c4 Nf6 3. g3 g6 4. Bg2 Bg7 5. O-O d6 6. d4 cxd4 7. Nxd4 O-O 8. Nc3 Nc6 9. Nxc6 bxc6 10. Bxc6 Bh3 11. Bxa8 Qxa8 12. f3 Bxf1 13. Kxf1 Ng4 14. Kg2 Ne5 15. Qd5 Rc8 16. Qxa8 Rxa8 17. c5 dxc5 18. Na4 Nc4 19. Rb1 Rd8 20. Bg5 f6 21. Bf4 g5 22. Rc1 Nxb2 23. Nxb2 gxf4 24. Rc2 fxg3 25. hxg3 f5 26. Nd3 Bd4 27. Rc4 e5 28. f4 e4 29. Nxc5 Bxc5 30. Rxc5 Rd2 31. Kf2 Rxa2 32. Rxf5 a5 33. Re5 Ra4 34. g4 Kg7 35. Ke3 Rb4 36. Rxa5 h6 37. Re5 Rb3+ 38. Kxe4 Rg3 39. g5 h5 40. Re7+ Kg8 41. Re6 h4 42. Rh6 h3 43. Kf5 Re3 44. Kg4 Rxe2 45. Rxh3 1-0


[Site "https://www.chess.com"]

[Event "Titled Tuesday Blitz December 20 Early 2022"]
[White "Alexei_Gubajdullin"]
[Black "vovachesss"]
[WhiteElo "2625"]
[BlackElo "2756"]
[Result "1-0"]
[Round "11"]
[TimeControl "180+2"]
[Date "2022.12.20"]
[WhiteClock "0:00:11"]
[BlackClock "0:00:07"]

1. d4 d6 2. Nf3 Nf6 3. Bf4 g6 4. e3 Nh5 5. Bg5 h6 6. Bh4 Bg7 7. Be2 g5 8. Nfd2 Nf4 9. exf4 gxh4 10. c3 O-O 11. Bg4 c5 12. Bxc8 Qxc8 13. dxc5 h3 14. g3 Qxc5 15. O-O e5 16. Qg4 exf4 17. Qxh3 fxg3 18. hxg3 Qb5 19. Na3 Qxb2 20. Nac4 Qxc3 21. Rac1 Qd3 22. Rfd1 Nc6 23. Nf1 Qf3 24. Nh2 Qe2 25. Nxd6 Nd4 26. Rxd4 Bxd4 27. Ng4 Bg7 28. Nf5 Qe6 29. Nfxh6+ Bxh6 30. Nxh6+ Kg7 31. Nf5+ Kg6 32. Qh6+ Kxf5 33. Rc5+ Kg4 34. Qh5# 1-0


[Site "https://www.chess.com"]

[Event "Titled Tuesday Blitz December 20 Early 2022"]
[White "AnaKuchava"]
[Black "Lasinika, M M D"]
[BlackFideId "9974555"]
[WhiteElo "2212"]
[BlackElo "1072"]
[Result "1-0"]
[Round "11"]
[TimeControl "180+2"]
[Date "2022.12.20"]
[WhiteClock "0:00:06"]
[BlackClock "0:00:02"]

1. d4 d5 2. Nf3 Nf6 3. c4 e6 4. Nc3 Be7 5. Bf4 c6 6. e3 O-O 7. Bd3 Nbd7 8. O-O Re8 9. e4 dxe4 10. Nxe4 Nf8 11. Re1 Ng6 12. Bg3 b6 13. Qa4 Bb7 14. Rad1 a6 15. h3 b5 16. cxb5 cxb5 17. Qc2 Rc8 18. Qe2 Qb6 19. Bb1 Red8 20. a3 b4 21. axb4 Bxb4 22. Nxf6+ gxf6 23. Rf1 Bd5 24. Bd3 f5 25. Bxa6 Ra8 26. Bc4 f4 27. Bh2 Bf8 28. Ne5 Bxc4 29. Qxc4 Rac8 30. Qa4 Ra8 31. Qc4 Rdc8 32. Qe2 Ra2 33. Nxg6 hxg6 34. Bxf4 Rxb2 35. Qf3 Bg7 36. Be5 Rb3 37. Qf4 Rb5 38. Bxg7 Kxg7 39. Qe4 Rd8 40. Rb1 Rxb1 41. Rxb1 Qxd4 42. Qxd4+ Rxd4 43. Rb7 g5 44. Kf1 Re4 45. Rb5 Kg6 46. f3 Ra4 47. Kf2 f5 48. Rb2 f4 49. Rc2 Kf5 50. Re2 e5 51. Rb2 e4 52. fxe4+ Kxe4 53. Re2+ Kd3 54. Re5 Kd4 55. Rxg5 Ke4 56. Rg8 Ra2+ 57. Kf1 f3 58. Re8+ Kd3 59. gxf3 Rh2 60. Kg1 Rxh3 61. Kg2 Rh7 62. Kg3 Rg7+ 63. Kf4 Rf7+ 64. Kg4 Rg7+ 65. Kh3 Rf7 66. Kg3 Rg7+ 67. Kf2 Rf7 68. Rd8+ Kc4 69. Ke3 Re7+ 70. Kf4 Rf7+ 71. Ke5 Re7+ 72. Kf6 Re2 73. f4 Kc5 74. f5 Kc6 75. Kf7 Kc7 76. Rd4 1-0


[Site "https://www.chess.com"]

[Event "Titled Tuesday Blitz December 20 Early 2022"]
[White "Anata, Choudhury"]
[Black "CraiggoryC"]
[WhiteFideId "10215026"]
[WhiteElo "2172"]
[BlackElo "2227"]
[Result "1-0"]
[Round "11"]
[TimeControl "180+2"]
[Date "2022.12.20"]
[WhiteClock "0:00:05"]
[BlackClock "0:00:11"]

1. d4 e6 2. c4 Nf6 3. Nc3 d5 4. cxd5 exd5 5. Bg5 c6 6. e3 Be7 7. Bd3 O-O 8. Nf3 Nbd7 9. O-O Re8 10. h3 Ne4 11. Bf4 Ndf6 12. Qc2 h6 13. Ne5 Bf8 14. Ne2 g6 15. f3 Nd6 16. Bxg6 fxg6 17. Qxg6+ Kh8 18. Bxh6 Bf5 19. Qg5 Nh7 20. Ng6+ Bxg6 21. Qxg6 Qf6 22. Qxf6+ Nxf6 23. Bxf8 Rxf8 24. Nf4 Rae8 25. Ng6+ Kg7 26. Nxf8 Kxf8 27. Rae1 Nc4 28. e4 Kg7 29. e5 Nd7 30. f4 Nxb2 31. f5 Nd3 32. Re3 N3xe5 33. dxe5 Rxe5 34. f6+ Kf7 35. Rxe5 Nxe5 36. g4 d4 37. g5 d3 38. Kf2 c5 39. Ke3 c4 40. h4 Ng4+ 41. Kd2 b5 42. h5 b4 43. h6 Nxh6 44. gxh6 c3+ 45. Kxd3 c2 46. Kxc2 b3+ 47. Kxb3 a5 48. h7 a4+ 49. Kxa4 Kg6 50. h8=Q Kg5 51. f7 1-0


[Site "https://www.chess.com"]

[Event "Titled Tuesday Blitz December 20 Early 2022"]
[White "Andrii_Prydun"]
[Black "Klose, Eli"]
[BlackFideId "16242955"]
[WhiteElo "2387"]
[BlackElo "1519"]
[Result "0-1"]
[Round "11"]
[TimeControl "180+2"]
[Date "2022.12.20"]
[WhiteClock "0:00:06"]
[BlackClock "0:00:57"]

1. e4 e6 2. Nf3 d5 3. Nc3 Nf6 4. Bd3 c5 5. exd5 exd5 6. O-O Be7 7. b4 cxb4 8. Nb5 O-O 9. Bb2 Nc6 10. Nbd4 Ne4 11. Re1 f5 12. Bb5 Bd7 13. d3 Nc3 14. Bxc3 bxc3 15. Ne6 Bxe6 16. Rxe6 Qd7 17. Qe2 Bf6 18. Re1 a6 19. Ba4 b5 20. Bb3 Na5 21. d4 Nxb3 22. axb3 a5 23. Qd3 b4 24. Qxf5 Rae8 25. Qh3 Rxe6 26. Qxe6+ Qxe6 27. Rxe6 Ra8 28. g4 h6 29. h4 Kf7 30. Rb6 a4 31. bxa4 Rxa4 32. g5 hxg5 33. hxg5 Bd8 34. Ne5+ Ke7 35. Rb7+ Ke6 36. Rxg7 b3 37. cxb3 Ra1+ 38. Kg2 c2 39. Nd3 Rd1 40. Nf4+ Kf5 41. Ne2 Re1 42. Ng3+ Ke6 43. Rg6+ Kd7 44. Rg7+ Be7 45. Nh5 c1=Q 46. Nf6+ Ke6 0-1


[Site "https://www.chess.com"]

[Event "Titled Tuesday Blitz December 20 Early 2022"]
[White "Arora, Tashika"]
[Black "ShahxaibKhan"]
[WhiteFideId "459305"]
[WhiteElo "1896"]
[BlackElo "2382"]
[Result "1/2-1/2"]
[Round "11"]
[TimeControl "180+2"]
[Date "2022.12.20"]
[WhiteClock "0:00:03"]
[BlackClock "0:00:06"]

1. c4 e5 2. Nc3 Nf6 3. Nf3 Nc6 4. e4 Bc5 5. Nxe5 Nxe5 6. d4 Bb4 7. dxe5 Nxe4 8. Qf3 Nxc3 9. bxc3 Be7 10. Qg3 Kf8 11. Be2 b6 12. Bf3 Rb8 13. Bf4 Ba6 14. Be2 Bh4 15. Qe3 h6 16. Rd1 Qe7 17. Qh3 Rd8 18. O-O Bg5 19. Bxg5 Qxg5 20. Rxd7 Rxd7 21. Qxd7 Qxe5 22. Re1 g6 23. Qd4 Qxd4 24. cxd4 Kg7 25. f3 Rd8 26. Rd1 Re8 27. Kf2 f5 28. g3 Kf6 29. Bd3 g5 30. Rd2 Re7 31. d5 f4 32. gxf4 gxf4 33. Bf1 Re3 34. Rd4 Ke5 35. d6 cxd6 36. c5 Bxf1 37. cxd6 Bb5 38. d7 Bxd7 39. Rxd7 Ra3 40. Rd2 Kf5 41. Rd5+ Ke6 42. Rd2 Ke5 43. Re2+ Kd5 44. Rd2+ Kc4 45. Re2 Kd3 46. Rb2 Kc3 47. Re2 b5 48. Kg2 b4 49. Rf2 b3 50. axb3 Kxb3 51. Kh3 Ra4 52. Kg4 a5 53. Kh5 Rb4 54. Kxh6 a4 55. Kg5 a3 56. h4 a2 57. Rf1 Kb2 58. h5 Kc3 59. Rc1+ Kb2 60. Re1 Rc4 61. h6 Rc1 62. Re2+ Rc2 63. Re1 Rc1 64. Re2+ Rc2 65. Re1 Rc1 1/2-1/2


[Site "https://www.chess.com"]

[Event "Titled Tuesday Blitz December 20 Early 2022"]
[White "Artem_0degov"]
[Black "Martinez Ramirez, Lennis"]
[BlackFideId "3509079"]
[WhiteElo "2661"]
[BlackElo "2426"]
[Result "0-1"]
[Round "11"]
[TimeControl "180+2"]
[Date "2022.12.20"]
[WhiteClock "0:00:30"]
[BlackClock "0:00:52"]

1. d4 d5 2. c4 e6 3. Nc3 Nf6 4. Bg5 Bb4 5. e3 h6 6. Bh4 g5 7. Bg3 Ne4 8. Ne2 h5 9. f3 Nxg3 10. hxg3 Nd7 11. Rc1 c6 12. Kf2 f5 13. cxd5 exd5 14. a3 Bd6 15. b4 a6 16. Qb3 b5 17. e4 fxe4 18. fxe4 Qf6+ 19. Kg1 Rf8 20. e5 Qf2+ 21. Kh2 Nf6 22. exf6 h4 23. Ne4 hxg3+ 24. N2xg3 Rh8# 0-1


[Site "https://www.chess.com"]

[Event "Titled Tuesday Blitz December 20 Early 2022"]
[White "Aza, Saulo"]
[Black "manitodeplomo"]
[WhiteFideId "4410394"]
[WhiteElo "1667"]
[BlackElo "2639"]
[Result "1/2-1/2"]
[Round "11"]
[TimeControl "180+2"]
[Date "2022.12.20"]
[WhiteClock "0:00:48"]
[BlackClock "0:00:19"]

1. d4 Nf6 2. c4 e6 3. Nc3 Bb4 4. a3 Bxc3+ 5. bxc3 O-O 6. e3 Ne4 7. Bd3 f5 8. Ne2 d6 9. O-O e5 10. f3 Nf6 11. Qc2 e4 12. fxe4 fxe4 13. Bxe4 Nxe4 14. Rxf8+ Qxf8 15. Qxe4 Nc6 16. Bd2 Bf5 17. Qd5+ Qf7 18. Rf1 Qxd5 19. cxd5 Ne7 20. Ng3 Bd3 21. Re1 Nxd5 22. e4 Nb6 23. e5 Nc4 24. Bc1 Re8 25. e6 Nb6 26. Nh5 Bc4 27. Nf4 Nd5 28. Nxd5 Bxd5 29. e7 Kf7 30. h4 Rxe7 31. Rxe7+ Kxe7 32. Kf2 Ke6 33. g4 g6 34. Ke3 h5 35. gxh5 gxh5 36. Kf4 b6 37. Ke3 Kf5 38. Kd3 c5 39. dxc5 bxc5 40. c4 Bc6 41. Bg5 Ke6 42. Kc3 Ba4 43. Bd8 a6 44. Bg5 Kd7 45. Bf6 Ke6 46. Bg5 Kd7 47. Bf6 Ke6 48. Bg5 1/2-1/2


[Site "https://www.chess.com"]

[Event "Titled Tuesday Blitz December 20 Early 2022"]
[White "BENO_CHESS"]
[Black "Alex_Sahakyan2006"]
[WhiteElo "2706"]
[BlackElo "2611"]
[Result "0-1"]
[Round "11"]
[TimeControl "180+2"]
[Date "2022.12.20"]
[WhiteClock "0:00:01"]
[BlackClock "0:00:53"]

1. e4 d5 2. exd5 Qxd5 3. Nc3 Qd8 4. d4 Nf6 5. Nf3 Bf5 6. Bc4 e6 7. O-O c6 8. Re1 Be7 9. Ne5 Nbd7 10. Qf3 O-O 11. Bf4 Nd5 12. Bg3 N7b6 13. Bb3 Nb4 14. Re2 Qxd4 15. Rd1 Qc5 16. a3 N4d5 17. Nxd5 cxd5 18. Bf4 Bf6 19. Qg3 Kh8 20. h4 Nc4 21. Nd7 Qc6 22. Nxf8 Rxf8 23. Bxc4 Qxc4 24. Rde1 Bxb2 25. h5 h6 26. Re3 Bd4 27. Rf3 Be4 28. Rb3 b6 29. Rb4 Qc3 30. Rd1 Qxg3 31. Bxg3 Bc5 32. Rb2 Bxa3 33. Ra2 Bc5 34. Rxa7 Bxc2 35. Rc1 Bf5 36. Rb7 Bg4 37. Ra1 Bxh5 38. Raa7 Bg6 39. Rd7 Kh7 40. Rab7 Ra8 41. Bc7 Ra1+ 42. Kh2 Ra2 43. f3 Bd4 44. Bxb6 Be5+ 45. Kh3 Bf5+ 46. Kh4 Rxg2 47. Rxf7 Rh2# 0-1


[Site "https://www.chess.com"]

[Event "Titled Tuesday Blitz December 20 Early 2022"]
[White "Badlyplayed"]
[Black "Zampronha, Wladimir Camilo"]
[BlackFideId "2103087"]
[WhiteElo "2262"]
[BlackElo "2176"]
[Result "0-1"]
[Round "11"]
[TimeControl "180+2"]
[Date "2022.12.20"]
[WhiteClock "0:00:03"]
[BlackClock "0:00:16"]

1. e4 c5 2. d4 cxd4 3. c3 Nf6 4. e5 Nd5 5. Qxd4 e6 6. Bc4 Nc6 7. Qe4 f5 8. Qe2 Qc7 9. Bxd5 exd5 10. Nf3 Be7 11. O-O O-O 12. Bf4 Nd8 13. Qd2 Qc6 14. Nd4 Qa6 15. Bg5 Bxg5 16. Qxg5 Ne6 17. Qd2 Nc5 18. Nb3 Nxb3 19. Qxd5+ Qe6 20. Qxb3 Qxb3 21. axb3 b6 22. Nd2 Re8 23. Nc4 b5 24. Nd6 Rxe5 25. Rfe1 Re6 26. Nxb5 Bb7 27. Nc7 Rxe1+ 28. Rxe1 Rc8 29. Re8+ Rxe8 30. Nxe8 Bd5 31. b4 Kf7 32. Nd6+ Ke6 33. Nb5 g6 34. Nc7+ Ke5 35. Nb5 a6 36. Nd4 Bc4 37. f3 Kd5 38. Kf2 Bd3 39. Ke3 Bb1 40. b3 Ke5 41. c4 f4+ 42. Kd2 Kxd4 43. b5 axb5 44. cxb5 Kc5 45. Kc3 d6 46. h4 Bf5 0-1


[Site "https://www.chess.com"]

[Event "Titled Tuesday Blitz December 20 Early 2022"]
[White "Ball, John D L"]
[Black "Goryachkina, Aleksandra"]
[WhiteFideId "402150"]
[BlackFideId "4147103"]
[WhiteElo "2230"]
[BlackElo "2571"]
[Result "1-0"]
[Round "11"]
[TimeControl "180+2"]
[Date "2022.12.20"]
[WhiteClock "0:00:04"]
[BlackClock "0:00:05"]

1. e4 c5 2. Nf3 e6 3. Nc3 Nc6 4. Bb5 Nd4 5. Bd3 d6 6. O-O Nf6 7. Nxd4 cxd4 8. Ne2 e5 9. c3 dxc3 10. dxc3 Be7 11. Ng3 O-O 12. h3 Be6 13. Qf3 d5 14. exd5 Qxd5 15. Nf5 Bc5 16. Qxd5 Nxd5 17. Re1 f6 18. Be4 Rad8 19. a4 Kf7 20. Ne3 a6 21. Nxd5 Bxd5 22. Bc2 Be6 23. Be4 Rd7 24. Be3 Bxe3 25. Rxe3 Rfd8 26. Bf3 g6 27. a5 Bd5 28. Ra4 Bxf3 29. Rxf3 Rd2 30. Rb4 R8d7 31. Rb6 R2d6 32. Rb4 Rc6 33. g4 Ke7 34. Kg2 Rc5 35. Rb6 Rc6 36. Rb4 Rc5 37. Rb6 Rc6 38. Rxc6 bxc6 39. b4 Ke6 40. Re3 f5 41. Kf3 h6 42. Ke2 e4 43. gxf5+ gxf5 44. Rg3 Kf6 45. Rg8 Rd3 46. Ra8 Rxc3 47. Rxa6 Ke5 48. Rb6 f4 49. a6 f3+ 50. Kd2 Rd3+ 51. Kc2 e3 52. a7 Rd8 53. Rb8 Rd2+ 54. Kc3 Ra2 55. a8=Q Rxa8 56. Rxa8 exf2 57. Ra1 Kf4 58. Kd3 Kg3 59. Ke3 1-0


[Site "https://www.chess.com"]

[Event "Titled Tuesday Blitz December 20 Early 2022"]
[White "Beca, Rodrigo Martins"]
[Black "DefiantChair"]
[WhiteFideId "1954490"]
[WhiteElo "2976"]
[BlackElo "2631"]
[Result "1-0"]
[Round "11"]
[TimeControl "180+2"]
[Date "2022.12.20"]
[WhiteClock "0:01:45"]
[BlackClock "0:01:31"]

1. c4 Nf6 2. e3 e6 3. Nf3 d5 4. b3 b6 5. Bb2 Be7 6. g4 h6 7. Rg1 Bb7 8. h4 Nbd7 9. d3 c5 10. g5 hxg5 11. hxg5 Nh5 12. Nbd2 d4 13. exd4 Nf4 14. Rg4 Qc7 15. Qc2 O-O-O 16. O-O-O cxd4 17. Nxd4 Nc5 18. b4 Ncxd3+ 19. Bxd3 Nxd3+ 20. Qxd3 e5 21. Qf5+ Kb8 22. Nb5 Bc8 23. Bxe5 Bxf5 24. Bxc7+ Kb7 25. Bxd8 Rxd8 26. Rd4 Rc8 27. Nd6+ 1-0


[Site "https://www.chess.com"]

[Event "Titled Tuesday Blitz December 20 Early 2022"]
[White "BetonCarlsen"]
[Black "kidagent"]
[WhiteElo "2216"]
[BlackElo "2292"]
[Result "1-0"]
[Round "11"]
[TimeControl "180+2"]
[Date "2022.12.20"]
[WhiteClock "0:00:05"]
[BlackClock "0:00:24"]

1. d4 d5 2. Nf3 Nf6 3. c4 e6 4. Nc3 dxc4 5. e3 a6 6. Bxc4 b5 7. Bd3 Bb7 8. O-O Nbd7 9. Qe2 Be7 10. e4 c5 11. e5 Nd5 12. Ne4 cxd4 13. Bg5 f6 14. exf6 gxf6 15. Bh6 Ne5 16. Nxe5 fxe5 17. Qh5+ Kd7 18. Qxe5 Qb6 19. Rac1 Rhg8 20. Rfe1 Nb4 21. Bb1 Bd5 22. Bg5 Bxg5 23. Nc5+ Ke7 24. Nxe6 Bxe6 25. Rc7+ Qxc7 26. Qxc7+ Kf6 27. Qe5+ Ke7 28. Qxe6+ Kf8 29. Qf5+ Kg7 30. Qxg5+ Kf7 31. Qf5+ Kg7 32. Re7+ Kh8 33. Qxh7# 1-0


[Site "https://www.chess.com"]

[Event "Titled Tuesday Blitz December 20 Early 2022"]
[White "Borges Matos, Juan"]
[Black "VitorBronson"]
[WhiteFideId "3500160"]
[WhiteElo "2409"]
[BlackElo "2459"]
[Result "0-1"]
[Round "11"]
[TimeControl "180+2"]
[Date "2022.12.20"]
[WhiteClock "0:00:08"]
[BlackClock "0:01:41"]

1. d4 d5 2. c4 c6 3. Nf3 Nf6 4. e3 e6 5. b3 Bd6 6. Bb2 O-O 7. Bd3 Nbd7 8. O-O Qe7 9. Re1 e5 10. dxe5 Nxe5 11. Nxe5 Bxe5 12. Bxe5 Qxe5 13. Nd2 Bg4 14. Qc2 Rad8 15. h3 Bc8 16. Nf3 Qh5 17. Nd4 c5 18. Nf5 dxc4 19. bxc4 Rxd3 20. Ne7+ Kh8 21. Qxd3 Be6 22. e4 Qe5 23. Nd5 Nh5 24. Rab1 b6 25. Qf3 g6 26. g4 Ng7 27. Kg2 Qg5 28. Qg3 h5 29. f4 Qd8 30. Re2 h4 31. Qc3 f5 32. g5 fxe4 33. Rxe4 Bxd5 34. cxd5 Qxd5 35. Re1 Rxf4 36. Qc2 Qxg5+ 37. Kh2 Qg3+ 38. Kh1 Rf2 39. Re8+ Kh7 40. Qb3 Rh2# 0-1


[Site "https://www.chess.com"]

[Event "Titled Tuesday Blitz December 20 Early 2022"]
[White "Brunstein, Sandrine"]
[Black "AttractiveChess"]
[WhiteFideId "625574"]
[WhiteElo "1990"]
[BlackElo "2784"]
[Result "1/2-1/2"]
[Round "11"]
[TimeControl "180+2"]
[Date "2022.12.20"]
[WhiteClock "0:00:05"]
[BlackClock "0:00:12"]

1. c4 e6 2. g3 d5 3. Bg2 Nf6 4. Nf3 dxc4 5. O-O c6 6. a4 Na6 7. Na3 Bxa3 8. Rxa3 O-O 9. Qc2 b5 10. Ne5 Nb4 11. Qb1 Nfd5 12. b3 cxb3 13. Qxb3 a5 14. Bb2 Ba6 15. d3 Qd6 16. Rc1 Rfc8 17. axb5 Bxb5 18. Nc4 Qd8 19. h4 a4 20. Qd1 Nb6 21. Ne5 f6 22. Nf3 e5 23. Nd2 Qe7 24. Ne4 Rd8 25. Qe1 N4d5 26. Nc5 Nd7 27. Ne4 Rdb8 28. Qd2 Ra6 29. d4 N5b6 30. dxe5 Nxe5 31. Bxe5 Qxe5 32. Nc5 Ra7 33. Nd3 Qd6 34. Rac3 a3 35. Qa2+ Nd5 36. Nf4 Kh8 37. Nxd5 cxd5 38. Rc8+ Be8 39. Qxd5 Qxd5 40. Bxd5 Rxc8 41. Rxc8 Re7 42. e4 g6 43. Ra8 Kg7 44. Rxa3 Bf7 45. Bxf7 Kxf7 46. Ra4 h5 47. Kg2 Rb7 48. Kf3 Kg7 49. Kf4 Re7 50. Ra6 Rb7 51. Rd6 Rb2 52. Rd7+ Kf8 53. f3 Rb3 54. Ra7 Rb4 55. Rc7 Ra4 56. Rd7 Rb4 57. g4 hxg4 58. fxg4 Rb1 59. Rd3 Rh1 60. Kg3 Rg1+ 61. Kf3 Rh1 62. Kg3 Rg1+ 1/2-1/2


[Site "https://www.chess.com"]

[Event "Titled Tuesday Blitz December 20 Early 2022"]
[White "CDOEspiao"]
[Black "JaloliddinIlkhomi"]
[WhiteElo "2486"]
[BlackElo "2533"]
[Result "1-0"]
[Round "11"]
[TimeControl "180+2"]
[Date "2022.12.20"]
[WhiteClock "0:01:11"]
[BlackClock "0:01:49"]

1. Nf3 Nf6 2. g3 b6 3. Bg2 Bb7 4. O-O e6 5. d3 d5 6. Nbd2 c5 7. Re1 Be7 8. e4 O-O 9. e5 Nfd7 10. Nf1 Nc6 11. Bf4 Qc7 12. h4 Nd4 13. Nxd4 cxd4 14. h5 Rac8 15. h6 g6 16. Rc1 Qd8 17. Nh2 Bg5 18. Qg4 Bxf4 19. Qxf4 f5 20. Qxd4 Qg5 21. Qe3 f4 22. gxf4 Rxf4 23. Qh3 Rh4 24. Qxe6+ Kh8 25. Qxd7 Qxh6 26. Qxb7 Rf8 27. Qxd5 Rxh2 28. e6 Qh4 29. Qe5+ Kg8 30. Qxh2 Qxf2+ 31. Kh1 Rf4 32. e7 Rh4 33. e8=Q+ Kg7 34. Qe7+ 1-0


[Site "https://www.chess.com"]

[Event "Titled Tuesday Blitz December 20 Early 2022"]
[White "Cag, Ceyda"]
[Black "supertfc"]
[WhiteFideId "34571477"]
[WhiteElo "2157"]
[BlackElo "2268"]
[Result "0-1"]
[Round "11"]
[TimeControl "180+2"]
[Date "2022.12.20"]
[WhiteClock "0:00:03"]
[BlackClock "0:00:02"]

1. e4 c5 2. Nf3 Nc6 3. d4 cxd4 4. Nxd4 Nf6 5. Nc3 e5 6. Ndb5 d6 7. Bg5 a6 8. Na3 b5 9. Nd5 Be7 10. Bxf6 Bxf6 11. c3 O-O 12. Nc2 Bg5 13. Be2 g6 14. O-O Be6 15. Nce3 Ne7 16. a4 bxa4 17. Rxa4 a5 18. Bc4 Kh8 19. Qd3 Bh6 20. Rd1 Nc8 21. b4 Nb6 22. Nxb6 Qxb6 23. Bxe6 fxe6 24. Ng4 Bg7 25. Qxd6 Rad8 26. Qxd8 Rxd8 27. Rxd8+ Qxd8 28. Ne3 Bh6 29. Nf1 axb4 30. cxb4 Qd3 31. Ra8+ Kg7 32. Ra7+ Kg8 33. Ra8+ Bf8 34. Rb8 Qxe4 35. b5 Kf7 36. g3 Bc5 37. b6 Qf3 38. Ne3 Bxe3 39. fxe3 Qxe3+ 40. Kg2 Qe4+ 41. Kh3 Qf5+ 42. Kg2 Qc2+ 43. Kh3 Qb2 44. b7 Kg7 45. Kg4 Qb6 46. h4 h5+ 47. Kh3 Qc7 0-1


[Site "https://www.chess.com"]

[Event "Titled Tuesday Blitz December 20 Early 2022"]
[White "Calzadilla De la Cruz, Maray"]
[Black "Kukku, Ramesh"]
[WhiteFideId "3509770"]
[BlackFideId "25695606"]
[WhiteElo "1994"]
[BlackElo "1575"]
[Result "1-0"]
[Round "11"]
[TimeControl "180+2"]
[Date "2022.12.20"]
[WhiteClock "0:02:15"]
[BlackClock "0:00:34"]

1. e4 Nc6 2. Nf3 f5 3. exf5 d5 4. d4 Bxf5 5. Bd3 Qd7 6. O-O O-O-O 7. Re1 Nf6 8. Bf4 h6 9. Nbd2 Bxd3 10. cxd3 g5 11. Be5 Qf5 12. Rc1 Qxd3 13. Qa4 g4 14. Rxc6 bxc6 15. Qxc6 Ne8 16. Rc1 gxf3 17. Bxc7 Qg6 18. Bd6+ 1-0


[Site "https://www.chess.com"]